AoeStats
← OOO4971

Nomad

510053602Analyzed
3v3 RM · 4d ago on Sep 29, 2026· 45m 18s· 6 players
Game mode
Random Map
Map size
210×210
Population
200
Speed
Normal
Resources
Standard
Victory
Conquest
Starting age
Dark Age
Ending age
Imperial Age
RankedLock teamsTeams togetherTeam positionsShared explorationLock speedFull tech treeHidden civsTurbo modeCheats
Victory
Defeat
🇩🇪 Lithuanians · Germany
748
+17
🇹🇷 Huns · Türkiye
735
+18
🇹🇷 Mongols · Türkiye
727
+18
🇺🇸 Vikings · United States
840
-19
🇹🇼 Sicilians · Taiwan
774
-18
🇪🇸 Franks · Spain
725
-16
Passdespoir
9:46 Loom
16:53 Feudal Age
17:26 Double-Bit Axe
22:19 Castle Age
20:28 Gold Mining
24:02 Husbandry
24:13 Bloodlines
25:03 Scale Barding Armor
25:09 Forging
28:14 Gold Shaft Mining
28:03 Chain Barding Armor
28:19 Iron Casting
42:38 Imperial Age
43:24 Cavalier
44:54 Paladin
46:31 Plate Barding Armor
46:57 Blast Furnace
Neuronians
3:57 Loom
19:42 Feudal Age
21:00 Wheelbarrow
20:12 Double-Bit Axe
26:39 Fletching
29:03 Town Watch
33:00 Castle Age
39:43 Hand Cart
41:25 Horse Collar
44:20 Heavy Plow
OOO4971
14:22 Loom
16:08 Feudal Age
22:58 Castle Age
22:18 Fishing Lines
23:06 Double-Bit Axe
24:07 Horse Collar
24:21 Stone Mining
24:23 Gold Mining
25:48 Wheelbarrow
25:27 Town Watch
26:05 Husbandry
26:15 Bloodlines
28:03 Scale Barding Armor
28:09 Forging
27:51 Fletching
31:33 Gillnets
31:40 Gillnets
32:25 Bodkin Arrow
34:14 Nomads
37:45 Imperial Age
39:37 Padded Archer Armor
39:37 Bracer
39:58 Chain Barding Armor
40:14 Iron Casting
40:28 Ballistics
41:09 Chemistry
43:25 Elite Mangudai
dani
6:44 Loom
14:55 Feudal Age
19:07 Double-Bit Axe
19:58 Town Watch
21:08 Fletching
21:37 Gold Mining
24:27 Scale Barding Armor
26:02 Wheelbarrow
26:25 Forging
30:43 Castle Age
30:54 Scale Mail Armor
31:36 Town Patrol
31:36 Bodkin Arrow
32:00 Husbandry
32:38 Bow Saw
33:00 Stone Mining
34:33 Hand Cart
36:04 Iron Casting
35:32 Light Cavalry
37:27 Chain Barding Armor
39:47 Padded Archer Armor
39:34 Treadmill Crane
40:05 Masonry
40:17 Ballistics
39:53 Murder Holes
40:53 Pikeman
43:41 Ordonnance Companies
43:47 Elite Skirmisher
瀧注洄洮
18:28 Feudal Age
27:40 Castle Age
30:04 Forging
29:55 Scale Mail Armor
32:45 Fletching
35:22 Double-Bit Axe
35:21 Horse Collar
35:41 Pikeman
43:20 Ballistics
Hazardus Chemikals
6:03 Loom
16:56 Feudal Age
17:52 Double-Bit Axe
19:31 Arson
20:28 Man-at-Arms
24:14 Fishing Lines
25:22 Horse Collar
29:09 Castle Age
29:24 Pikeman
30:04 Squires
33:14 Chieftains
33:27 Forging
39:23 Gillnets
43:27 Imperial Age
42:44 Iron Casting
43:34 Capped Ram
44:36 Conscription
44:57 Conscription
Connection lost

Rejoining the realm…

Still unreachable

The connection could not be restored.

Session expired

The server has moved on; the page needs a fresh start.